 Dungeon Crawl Stone Soup version 0.12.3 (console) character file.

679 Lightli the Basher (level 7, 0/67 HPs)
             Began as an Ogre Priest on July 9, 2022.
             Was a Follower of Elyvilon.
             Slain by an ogre
             ... wielding a +0,+0 giant club
              (25 damage)
             ... on Level 5 of the Dungeon.
             The game lasted 00:11:01 (3978 turns).

Lightli the Basher (Ogre Priest)                    Turns: 3978, Time: 00:11:01

HP   0/67        AC  5     Str 20      XL: 7   Next: 14%
MP  13/13        EV  9     Int 11      God: Elyvilon [*.....]
Gold 190         SH  0     Dex  9      Spells:  0 memorised,  6 levels left

Res.Fire  : . . .   See Invis. : .   h - +0 giant club
Res.Cold  : . . .   Warding    : .   b - +0 robe
Life Prot.: . . .   Conserve   : .   (shield restricted)
Res.Poison: .       Res.Corr.  : +   (helmet restricted)
Res.Elec. : .       Clarity    : .   f - +1 elf cloak
Sust.Abil.: . .     Spirit.Shd : .   (gloves unavailable)
Res.Mut.  : .       Stasis     : .   (boots unavailable)
Res.Rott. : .       Ctrl.Telep.: .   d - cursed amulet of resist corrosion {unknown Saprovore : + . . Flight : . (no ring) (no ring)

@: slightly resistant to hostile enchantments, unstealthy
A: unfitting armour, fast metabolism 1, saprovore 1, tough skin 1
a: Lesser Healing, Lesser Self-Healing, Divine Protection, Renounce Religion


You were on level 5 of the Dungeon.
You worshipped Elyvilon.
Elyvilon was pleased with you.
You were hungry.

You visited 1 branch of the dungeon, and saw 6 of its levels.

You collected 180 gold pieces.
You donated 10 gold pieces.

Inventory:

Hand weapons
 a - a +0,+0 flail
 h - a +0,+0 giant club (weapon)
 o - a +0,+1 mace of holy wrath
Armour
 b - a +0 robe (worn)
 f - a +1 elven cloak (worn)
Comestibles
 c - 4 meat rations
 g - a rambutan
 i - a pear
 j - 2 bread rations
Jewellery
 d - a cursed amulet of resist corrosion (around neck) {unknown}
 l - an uncursed ring of teleportation
Potions
 k - a potion of flight


   Skills:
 - Level 3.9 Fighting
 + Level 9.2 Maces & Flails
   Level 2.6 Staves
 - Level 0.8 Dodging
 - Level 5.0 Invocations


You had 6 spell levels left.
You didn't know any spells.

Dungeon Overview and Level Annotations

Branches:
Dungeon (6/27)
 Temple: D:4-7          Orc: D:6-11

Altars:
Elyvilon


Innate Abilities, Weirdness & Mutations

You are too large for most types of armour.
You have a fast metabolism.
You can tolerate rotten meat.
You have tough skin (AC +1).


Message History

You start resting.
HP restored.
You climb upwards.
The ogre hits you with a giant club!
There is a stone staircase leading down here.
Unknown command.
Unknown command.
Unknown command.
Unknown command.
Unknown command.
A dart shoots out and hits you! The ogre closely misses you.
There is a dart trap here.
You see here a dart.
A dart hits the ogre!
You sock the ogre!
The ogre is heavily wounded.
The ogre hits you with a giant club!
You hit the ogre.
The ogre is heavily wounded.
The ogre hits you with a giant club!
You die...

### ..# #.# #.### #
#... #.####..#
=#.......
#........#####.##
#############>oO@....#
......S.......K#######
#############..# #..#
### #..# ....# ...#
....# ##.## ....# #.#
...# #.#


You could see an ogre, an orc and a kobold.

Vanquished Creatures
  2 ogres
  2 giant frogs
  A scorpion (D:4)
  Terence (D:3)
  4 adders
  4 gnolls
  A giant mite (D:3)
  2 oozes
  5 orcs
  7 bats
  7 giant cockroaches
  5 goblins
  6 hobgoblins
  2 jackals (D:1)
  5 giant newts
  A hobgoblin skeleton (D:4)
  8 kobolds
  7 rats
70 creatures vanquished.

Vanquished Creatures (others)
  An orc (D:4)
  A ball python (D:1)
2 creatures vanquished.

Grand Total: 72 creatures vanquished

Notes
Turn   | Place    | Note
--------------------------------------------------------------
     0 | D:1      | Lightli, the Ogre Priest, began the quest for the Orb.
     0 | D:1      | Reached XP level 1. HP: 20/20 MP: 2/2
   264 | D:1      | Reached XP level 2. HP: 9/28 MP: 4/4
   438 | D:1      | Reached skill level 1 in Maces & Flails
   790 | D:1      | Acquired Zin's second power
   830 | D:1      | Reached XP level 3. HP: 30/36 MP: 6/6
  1718 | D:3      | Noticed a giant frog
  1746 | D:3      | Reached XP level 4. HP: 24/44 MP: 8/8
  2069 | D:3      | Killed a giant frog
  2069 | D:3      | Reached skill level 5 in Maces & Flails
  2069 | D:3      | Reached XP level 5. HP: 36/52 MP: 10/10
  2305 | D:3      | Reached skill level 6 in Maces & Flails
  2360 | D:3      | Found a white marble altar of Elyvilon.
  2395 | D:3      | Fell from the grace of Zin
  2395 | D:3      | Became a worshipper of Elyvilon the Healer
  2395 | D:3      | Acquired Elyvilon's first power
  2403 | D:3      | Noticed Terence
  2421 | D:3      | Killed Terence
  2477 | D:3      | Noticed an ogre
  2639 | D:3      | Killed an ogre
  2639 | D:3      | Reached skill level 7 in Maces & Flails
  2639 | D:3      | Reached XP level 6. HP: 39/59 MP: 12/12
  3410 | D:4      | Reached skill level 8 in Maces & Flails
  3460 | D:5      | Entered Level 5 of the Dungeon
  3548 | D:6      | Reached skill level 9 in Maces & Flails
  3548 | D:6      | Reached XP level 7. HP: 21/67 MP: 13/13
  3978 | D:5      | Slain by an ogre

Action                   |  1- 3 |  4- 6 |  7- 9 || total
-------------------------+-------+-------+-------++-------
Melee: Quarterstaff      |    10 |       |       ||    10
       Flail             |   108 |    77 |       ||   185
       Mace              |       |     1 |       ||     1
       Giant club        |       |    59 |    16 ||    75
Invok: Vitalisation      |       |     1 |       ||     1
       Lesser Self-Heali |       |       |     2 ||     2
  Use: Scroll            |     5 |     3 |     1 ||     9
       Potion            |     1 |     2 |     4 ||     7
 Stab: Distracted        |     2 |       |       ||     2
